 Dungeon Crawl Stone Soup version 0.31-a0-188-g5e087ee2ca (webtiles) character file.

Game seed: 7877728738221763178

3138 lunkers the Basher (level 10, -2/83 HPs)
             Began as a Meteoran Wanderer on June 23, 2023.
             Was an Initiate of Ru.
             Slain by a vampire (5 damage)
             ... on level 9 of the Dungeon.
             The game lasted 00:13:18 (3127 turns).

lunkers the Basher (Meteoran Wanderer)              Turns: 3127, Time: 00:13:19

Health: -2/83      AC: 11    Str: 19    XL:     10   Next: 36%
Magic:  15/15      EV:  9    Int: 17    God:    Ru [......]
Gold:   300        SH:  0    Dex: 10    Spells: 14/14 levels left

rFire   . . .        b - +2 flail (drain)
rCold   . . .        (no shield)
rNeg    . . .        j - +0 scale mail
rPois   .            (no helmet)
rElec   +            u - +1 cloak of Divine Intervention {Rampage rElec rF+}
rCorr   .            s - +0 pair of gloves
SInv    .            (no boots)
Will    +....        (no amulet) Stlth
                     (no ring)
HPRegen 0.33/turn    (no ring)
MPRegen 0.14/turn

%: rampage
@: glowing, fire susceptible
A: sense surroundings 2, otherworldly, glowing, explore regen
a: Renounce Religion


You were on level 9 of the Dungeon.
You worshipped Ru.
Ru was noncommittal.
You visited 2 branches of the dungeon, and saw 10 of its levels.

You collected 300 gold pieces.

Inventory:

Hand Weapons
 a - a +3 flail of protection
 b - a +2 flail of draining (weapon)
 n - a +0 hand axe
Missiles
 e - 2 atropa-tipped darts
 h - 2 throwing nets
Armour
 g - a +2 cloak
 j - a +0 scale mail (worn)
 s - a +0 pair of gloves (worn)
 u - the +1 cloak of Divine Intervention (worn) {Rampage rElec rF+}
   (You found it on level 8 of the Dungeon)

   rF:        It protects you from fire.
   rElec:     It insulates you from electricity.
   Rampage:   It bestows one free step when moving towards enemies.
Wands
 k - a wand of digging (12)
 r - a wand of roots (5)
 t - a wand of light (3)
 x - a wand of paralysis (4)
Scrolls
 c - a scroll of silence
 f - 3 scrolls of amnesia
 i - 2 scrolls of vulnerability
 o - 4 scrolls of teleportation
 w - a scroll of fog {unknown}
 y - a scroll of identify
Potions
 d - a potion of attraction
 l - a potion of mutation
 m - a potion of invisibility
 p - 4 potions of curing
 q - a potion of ambrosia {unknown}
 v - a potion of berserk rage {unknown}


   Skills:
 + Level 6.0 Fighting
 - Level 5.9(9.9) Axes
 - Level 13.4(14.0) Maces & Flails
 + Level 6.3 Armour
 - Level 1.0 Stealth
 - Level 2.6 Spellcasting
 - Level 2.4 Hexes


You had 14 spell levels left.
You didn't know any spells.
Your spell library contained the following spells:

 Spells                   Type           Power      Damage    Failure   Level
 Slow                     Hex            40%        N/A       19%         1
 Foxfire                  Conj/Fire      8%         2x1d4     43%         1
 Stone Arrow              Conj/Erth      4%         3d7       82%         3
 Cause Fear               Hex            5%         N/A       87%         4
 Leda's Liquefaction      Hex/Erth       3%         N/A       96%         4
 Animate Armour           Summ/Erth      4%         N/A       99%         4
 Fireball                 Conj/Fire      1%         3d3       100%        5
 Plasma Beam              Fire/Air       1%         2x1d11    100%        6
 Starburst                Conj/Fire      1%         6d3       100%        6
 Lehudib's Crystal Spear  Conj/Erth      1%         10d2      100%        8


Dungeon Overview and Level Annotations

Branches:
Dungeon (9/15) Zot: 2494   Temple (1/1) D:7 Zot: 433
   Lair: D:8-11         Orc: D:9-12

Altars:
Ashenzari
Cheibriados
Dithmenos
Elyvilon
Fedhas
Gozag
Hepliaklqana
Nemelex Xobeh
Okawaru
Ru
Sif Muna
Uskayaw
Wu Jian
Xom
Yredelemnul
Zin
The Shining One
Ignis

Shops:
D:8 :(


Innate Abilities, Weirdness & Mutations

You passively map the area around you.
You are easily found by Zot.
You glow in the dark.
You regain HP and MP as you explore.


Message History

No target in view!
No target in view!
No target in view!
There is a strange disturbance nearby!
There is a strange disturbance nearby!
You closely miss something. You hit something.
Something draws life force from you!
You barely miss something. Something hits you.
Something bites you but does no damage.
You closely miss something. You barely miss something.
Something hits you but does no damage. Something bites you.
* * * LOW HITPOINT WARNING * * *
Something draws strength from your injuries!
You hit something but do no damage. Something hits you but does no damage.
Something bites you but does no damage.
You hit something. Something hits you but does no damage.
Something bites you but does no damage.
You sock something! You barely miss something.
Something draws life force from you!
* * * LOW HITPOINT WARNING * * *
You closely miss something. Something hits you but does no damage.
Something bites you but does no damage.
You completely miss something. You hit something but do no damage.
Something hits you.
* * * LOW HITPOINT WARNING * * *
Something bites you.
* * * LOW HITPOINT WARNING * * *
Something draws strength from your injuries!
You thump something! Something draws life force from you!
* * * LOW HITPOINT WARNING * * *
You hit something but do no damage. You completely miss something.
Something hits you but does no damage. Something bites you!
* * * LOW HITPOINT WARNING * * *
Something draws strength from your injuries!
You barely miss something. Something hits you.
* * * LOW HITPOINT WARNING * * *
Something bites you.
You die...

**#######.##
##########.#
* #...# #.#
#.### #.# *
##.# #.# ,*
#..# ##.# ,
* #.## #..#
,*
#####'#####
#.## *
#.........#
#.# * * *
#......@$.#
########.##
*,
+.......{.+,
.........<.
, + *
#.........#
**######..##
**
##+########
#.## * * **
#.# , , *
#.# ** ,
##.# * *
#..# , *** ,
#.##


There were no monsters in sight!

Vanquished Creatures
  Pikel (D:5)
  Grinder (D:5)
  3 wyverns
  2 fire elementals
  A wraith (D:8)
  3 water moccasins
  An ice beast (D:6)
  A sky beast (D:7)
  An orc warrior (D:7)
  A black bear (D:8)
  A lemure (D:5)
  A phantom (D:5)
  A bullfrog (D:7)
  A gnoll sergeant (D:8)
  2 scorpions
  A howler monkey (D:8)
  3 quasits (D:5)
  6 jellies
  A hound (D:6)
  3 orc priests
  Jessica (D:2)
  3 iguanas
  2 sleepcaps (D:8)
  3 orc wizards
  3 adders
  5 gnolls (D:8)
  4 shadow imps (D:5)
  5 white imps
  4 ufetubi
  A worm (D:2)
  4 dart slugs
  9 orcs
  2 endoplasms
  2 giant cockroaches
  3 goblins (D:3)
  A hobgoblin (D:4)
  6 quokkas
  3 ball pythons
  3 bats
  4 frilled lizards
  4 kobolds
  A rat (D:3)
  A spectral hobgoblin (D:2)
109 creatures vanquished.

Vanquished Creatures (others)
  63 foxfires (D:5)
63 creatures vanquished.

Grand Total: 172 creatures vanquished

Notes
Turn   | Place    | Note
-------+----------+-------------------------------------------
     0 | D:1      | lunkers the Meteoran Wanderer began the quest for the Orb.
     0 | D:1      | lunkers set off with the following items: a +0 hand axe, a
                  | +0 scale mail, a scroll of silence; and the following spell
                  | memorised: Slow; and the following spells available to
                  | memorise: Cause Fear, Leda's Liquefaction.
     0 | D:1      | Reached XP level 1. HP: 16/16 MP: 5/5
   112 | D:1      | Reached XP level 2. HP: 7/23 MP: 6/6
   384 | D:2      | Noticed Jessica
   396 | D:2      | Killed Jessica
   397 | D:2      | Reached skill level 5 in Axes
   397 | D:2      | Reached XP level 3. HP: 17/28 MP: 8/8
   397 | D:2      | Reached XP level 4. HP: 21/35 MP: 9/9
   463 | D:2      | Found a faded altar of an unknown god.
   472 | D:2      | Prayed at the altar of an unknown god.
   472 | D:2      | Became a worshipper of Ignis, the Dying Flame
   711 | D:3      | Reached skill level 1 in Maces & Flails
   754 | D:3      | Reached XP level 5. HP: 40/40 MP: 10/10
   791 | D:4      | Reached skill level 2 in Maces & Flails
   822 | D:4      | Reached skill level 3 in Maces & Flails
   881 | D:4      | Reached skill level 4 in Maces & Flails
   926 | D:4      | Reached XP level 6. HP: 43/47 MP: 11/11
   987 | D:4      | Reached skill level 5 in Maces & Flails
  1054 | D:5      | Entered Level 5 of the Dungeon
  1054 | D:5      | Noticed Pikel
  1064 | D:5      | Reached skill level 6 in Maces & Flails
  1067 | D:5      | Killed Pikel
  1068 | D:5      | Reached skill level 9 in Maces & Flails
  1068 | D:5      | Reached XP level 7. HP: 4/52 MP: 12/12
  1068 | D:5      | Reached XP level 8. HP: 5/59 MP: 13/13
  1107 | D:5      | Reached skill level 10 in Maces & Flails
  1149 | D:5      | Noticed Grinder
  1155 | D:5      | Paralysed by Grinder for 3 turns
  1172 | D:5      | Killed Grinder
  1173 | D:5      | Reached skill level 11 in Maces & Flails
  1275 | D:5      | Gained mutation: You passively map the area around you.
                  | [Meteoran growth]
  1275 | D:5      | Reached XP level 9. HP: 59/64 MP: 14/14
  1372 | D:5      | Found a basalt altar of Yredelemnul.
  1395 | D:5      | Reached skill level 12 in Maces & Flails
  1549 | D:6      | Found a glowing silver altar of Zin.
  1665 | D:6      | Found a shimmering altar of Xom.
  1700 | D:6      | Reached skill level 13 in Maces & Flails
  1985 | D:7      | Identified the +1 robe of Qungisul {Will+}
  2014 | D:7      | Found a hide-covered altar of Uskayaw.
  2016 | D:7      | Found a staircase to the Ecumenical Temple.
  2066 | D:7      | Found a sparkling altar of Nemelex Xobeh.
  2108 | Temple   | Entered the Ecumenical Temple
  2265 | Temple   | Fell from the grace of Ignis
  2265 | Temple   | Became a worshipper of Ru the Awakened
  2442 | D:7      | Reached XP level 10. HP: 78/78 MP: 15/15
  2543 | D:8      | Found Feir Qexeug's Antique Weapon Boutique.
  2586 | D:8      | Found Usmi's Tremendous Tomes.
  2720 | D:8      | Reached skill level 5 in Armour
  2734 | D:8      | Reached skill level 5 in Fighting
  2737 | D:8      | Identified the +1 cloak of Divine Intervention {Rampage
                  | rElec rF+}
  3127 | D:9      | HP: 3/83 [something (6)]
  3127 | D:9      | Slain by a vampire

Illustrated notes

Levels and vault maps discovered:
D:1:      co_arrival_square_in_a_square_in_a_square, layout_basic
D:2:      layout_basic, dreamdust_ecumenical_altar_drowned_temple, uniq_jessica
D:3:      layout_rooms, lemuel_zombie_altar_kikubaaqudgha, grunt_ministairs_2
D:4:      layout_basic
D:5:      layout_gridville, mainiacjoe_overflow_24_doors, vehumet_crystals,
          serial_demonic, serial_demonic_g, serial_demonic_d, serial_demonic_c,
          serial_demonic_f, serial_demonic_c, serial_demonic_b,
          serial_demonic_f, serial_demonic_b, serial_demonic_e,
          serial_demonic_f, uniq_pikel, uniq_grinder
D:6:      layout_basic, kennysheep_mini, kennysheep_little_box, uniq_eustachio
D:7:      layout_rooms, mainiacjoe_overflow_paths, nicolae_uskayaw_dance_hall,
          temple_statues, uniq_crazy_yiuf_cottage
D:8:      layout_basic, serial_shops, shop, hangedman_decor_points,
          nicolae_shop_i_like_big_books, feat_on_display
D:9:      layout_roguey, trog_ov_bears_minmay, serial_bayou_pond_c,
          minmay_statues_item
Temple:   hellmonk_temple_flake

Skill      XL: |  1  2  3  4  5  6  7  8  9 10 |
---------------+-------------------------------+-----
Axes           | 4 5 |  5.9
Maces & Flails | 1 4 9 11 13 | 13.4
Fighting       | 4 6 |  6.0
Armour         | 4 6 |  6.3
Stealth        | |  1.0
Spellcasting   | |  2.6
Hexes          | |  2.4

Action                     |  1- 3 |  4- 6 |  7- 9 | 10-12 || total
---------------------------+-------+-------+-------+-------++-------
  Melee: Hand axe          |    42 |    45 |       |       ||    87
         Flail             |       |    63 |   159 |    99 ||   321
         Punch             |       |     2 |     1 |     1 ||     4
 Invoke: Foxfire Swarm     |       |     3 |       |       ||     3
         Fiery Armour      |       |     1 |     1 |       ||     2
    Use: Scroll            |       |       |    10 |       ||    10
 Armour: Scale mail        |    16 |    76 |    99 |    36 ||   227
  Dodge: Dodged            |    20 |    40 |    40 |    19 ||   119

Table legend: (Time is in decaauts)
 A = Elapsed time spent in this place.
 B = Non-inter-level travel time spent in this place.
 C = Inter-level travel time spent in this place.
 D = Time resting spent in this place.
 E = Time spent auto-exploring this place.
 F = Levels seen in this place.
 G = Mean time per level.
                   A        B        C        D        E       F      G
               +--------+--------+--------+--------+--------+-----+--------+
         Total |   3071 |   2791 |    280 |      0 |   1757 |  10 |  307.1 |
       Dungeon |   2904 |   2646 |    258 |      0 |   1627 |   9 |  322.7 |
        Temple |    166 |    144 |     22 |      0 |    130 |   1 |  166.0 |
               +--------+--------+--------+--------+--------+-----+--------+

Top non-repeatable levels by time:
     D:6: 530 daAuts
     D:8: 447 daAuts
     D:5: 407 daAuts
     D:2: 319 daAuts
     D:7: 301 daAuts
     D:4: 289 daAuts
     D:3: 250 daAuts
     D:1: 209 daAuts
  Temple: 166 daAuts
     D:9: 149 daAuts
